 Dungeon Crawl Stone Soup version 0.24-a0-271-ga0fc33f (webtiles) character file.

Game seed: 10521106293158746435

3187 Anon1729 the Skirmisher (level 9, -2/86 HPs)
             Began as a Naga Fighter on Apr 23, 2019.
             Was an Initiate of Uskayaw.
             Slain by a two-headed ogre
             ... wielding a +0 giant club
              (12 damage)
             ... on level 8 of the Dungeon.
             The game lasted 00:18:48 (8900 turns).

Anon1729 the Skirmisher (Naga Fighter)              Turns: 8900, Time: 00:18:49

Health: -2/86      AC:  6    Str: 23    XL:     9   Next: 95%
Magic:  0/9        EV: 12    Int:  8    God:    Uskayaw [......]
Gold:   904        SH: 10    Dex: 10    Spells: 8/8 levels left

rFire    + . .     SeeInvis +   a - +6 hand axe of Riudaqe {vamp, rF+ rC+}
rCold    + . .     Gourm    .   c - +0 shield
rNeg     . . .     Faith    .   b - +0 scale mail
rPois    +         Spirit   .   (no helmet)
rElec    .         Reflect  .   (no cloak)
rCorr    .         Harm     .   (no gloves)
MR       +....                  (no barding)
Stlth    ..........             (no amulet)
HPRegen  0.24/turn              I - +2 ring of evasion
MPRegen  0.11/turn              u - +1 ring of evasion

@: very slow
A: large, see invisible, deformed body, poison resistance, slowness 2, slow
metabolism 1, spit poison 1, AC +3
a: Spit Poison, Renounce Religion


You were on level 8 of the Dungeon.
You worshipped Uskayaw.
Uskayaw was noncommittal.
You were not hungry.

You visited 2 branches of the dungeon, and saw 9 of its levels.
You also visited: Sewer and Bailey.

You collected 904 gold pieces.

Inventory:

Hand Weapons
 a - the +6 hand axe of Riudaqe (weapon) {vamp, rF+ rC+}
   (You took it off a kobold in a bailey)

   It inflicts no extra harm, but heals its wielder when it wounds a living foe.
   It protects you from fire.
   It protects you from cold.
 G - a +2 broad axe of chopping
Missiles
 J - 37 tomahawks of returning (quivered)
Armour
 b - a +0 scale mail (worn)
 c - a +0 shield (worn)
Jewellery
 l - an uncursed ring of resist corrosion
 m - an uncursed ring of protection from magic
 t - an uncursed ring of magical power
 u - a +1 ring of evasion (right hand)
 I - a +2 ring of evasion (left hand)
Wands
 g - a wand of iceblast (4)
 y - a wand of polymorph (7)
 D - a wand of acid (8)
Scrolls
 e - 5 scrolls of teleportation
 h - a scroll of noise {unknown}
 i - 2 scrolls of enchant weapon {unknown}
 n - 5 scrolls of identify
 p - 3 scrolls of immolation
 q - 2 scrolls of remove curse
 w - 2 scrolls of magic mapping {unknown}
 A - 3 scrolls of fear {unknown}
 E - a scroll of enchant armour {unknown}
 F - a scroll of acquirement {unknown}
Potions
 d - a potion of might
 j - a potion of cancellation {unknown}
 k - a potion of magic {unknown}
 o - 2 potions of ambrosia
 r - 2 potions of flight
 s - a potion of brilliance {unknown}
 v - 4 potions of curing {unknown}
 x - a potion of mutation {unknown}
 z - a potion of agility
 B - 3 potions of heal wounds {unknown}
 C - a potion of degeneration {unknown}
Miscellaneous
 K - a sack of spiders
Comestibles
 f - 15 rations


   Skills:
 + Level 7.4 Fighting
 + Level 7.1 Axes
 - Level 2.4 Armour
 + Level 5.5 Dodging
 + Level 6.2 Shields


You had 8 spell levels left.
You didn't know any spells.
Your spell library contained the following spells:

 Spells                   Type           Power        Failure   Level  Hunger
 Animate Skeleton         Necr           N/A          90%         1    ##.....
 Apportation              Tloc           #.....       90%         1    ##.....
 Confusing Touch          Hex            #.....       90%         1    ##.....
 Summon Small Mammal      Summ           #...         90%         1    ##.....


Dungeon Overview and Level Annotations

Branches:
Dungeon (8/15)             Temple (1/1) D:4
   Lair: D:8-11

Altars:
Ashenzari
Cheibriados
Dithmenos
Elyvilon
Fedhas
Gozag
Hepliaklqana
Kikubaaqudgha
Nemelex Xobeh
Okawaru
Qazlal
Ru
Sif Muna
Trog
Uskayaw
Vehumet
Wu Jian
Xom
Yredelemnul
Zin
The Shining One

Annotations:
D:7 3 runed translucent doors, Stiffzip's ghost, novice DDFi


Innate Abilities, Weirdness & Mutations

You cannot wear boots.
Your serpentine skin is tough. (AC +3)
You have supernaturally acute eyesight. (SInv)
Armour fits poorly on your strangely shaped body.
Your system is resistant to poisons. (rPois)
You cover ground very slowly.
You have a slow metabolism.
You can spit poison.


Message History

You hit the two-headed ogre.
The two-headed ogre is severely wounded.
Uskayaw will force your foes to helplessly watch your dance.
Unknown command.
Unknown command.
You stomp with the beat, sending a shockwave through the revelers around you!
The two-headed ogre is almost dead.
You feel somewhat more hungry. You block the two-headed ogre's attack.
The two-headed ogre closely misses you.
You stomp with the beat, sending a shockwave through the revelers around you!
The two-headed ogre is almost dead.
You feel somewhat more hungry.
You can no longer pass through a line of other dancers.
The two-headed ogre barely misses you. The two-headed ogre misses you.
You stomp with the beat, sending a shockwave through the revelers around you!
The two-headed ogre is almost dead.
You feel somewhat more hungry.
You can no longer stomp with the beat.
The two-headed ogre hits you with a +0 giant club!
You die...

#.........#
#.........#
#.........# ##
###..##...######
...#....##...##...##
.....<........'....#
........†.....#....#
..............#....#
...##...##...##.@.##
### #...####+##..O#
...... #.......
........ #.........
.........
+..........
..##...##.
#######.... .... ...


You could see a two-headed ogre.

Vanquished Creatures
  Grinder (D:4)
  A water moccasin (D:7)
  7 orc warriors
  A sky beast (D:6)
  An ice beast (D:6)
  An ogre (D:6)
  A phantom (D:6)
  2 necrophages
  4 centaurs
  A big kobold (Sewer)
  4 bullfrogs
  A scorpion (D:6)
  2 bullfrog zombies
  A howler monkey (D:5)
  3 crimson imps
  A hound (D:6)
  5 orc priests
  2 bullfrog skeletons
  3 orc wizards
  A centaur skeleton (D:6)
  An iguana (D:6)
  4 worker ants
  Robin (D:3)
  A worker ant zombie (D:5)
  10 gnolls
  6 adders
  A river rat (D:3)
  A shadow imp (D:5)
  An ooze (D:1)
  An adder zombie (D:5)
  An adder skeleton (D:7)
  2 worms
  A dart slug (D:1)
  4 leopard geckos
  29 orcs
  4 bats
  6 giant cockroaches
  17 goblins
  9 hobgoblins
  15 jackals
  22 kobolds
  4 quokkas
  2 ball pythons
  4 frilled lizards
  A quokka skeleton (D:5)
  15 rats
206 creatures vanquished.

Notes
Turn   | Place    | Note
-------+----------+-------------------------------------------
     0 | D:1      | Anon1729 the Naga Fighter began the quest for the Orb.
     0 | D:1      | Reached XP level 1. HP: 21/21 MP: 1/1
    33 | D:1      | Reached XP level 2. HP: 28/28 MP: 2/2
   173 | D:1      | Reached XP level 3. HP: 20/34 MP: 3/3
   708 | D:2      | Reached skill level 1 in Dodging
  1005 | D:2      | Reached XP level 4. HP: 32/42 MP: 4/4
  1578 | D:3      | Reached XP level 5. HP: 28/50 MP: 5/5
  1634 | D:3      | Found a glowing drain.
  1638 | Sewer    | Entered a sewer
  1868 | Sewer    | Noticed a big kobold
  1886 | Sewer    | Killed a big kobold
  2123 | Sewer    | Found a white marble altar of Elyvilon.
  2304 | D:3      | Noticed Robin
  2333 | D:3      | Killed Robin
  2333 | D:3      | Reached XP level 6. HP: 34/57 MP: 6/6
  2622 | D:3      | Found a glowing golden altar of the Shining One.
  2849 | D:4      | Found a staircase to the Ecumenical Temple.
  2860 | Temple   | Entered the Ecumenical Temple
  3082 | Temple   | Became a worshipper of Uskayaw the Reveler
  3156 | D:4      | Reached * piety under Uskayaw
  3176 | D:4      | Reached ** piety under Uskayaw
  3401 | D:4      | Found a snail-covered altar of Cheibriados.
  3420 | D:4      | Noticed Grinder
  3428 | D:4      | Killed Grinder
  3428 | D:4      | Reached XP level 7. HP: 16/66 MP: 7/7
  3428 | D:4      | Reached *** piety under Uskayaw
  4182 | D:5      | Entered Level 5 of the Dungeon
  4252 | D:5      | Reached skill level 5 in Fighting
  4876 | D:5      | Reached XP level 8. HP: 44/74 MP: 8/8
  5180 | D:5      | Found a sparkling altar of Nemelex Xobeh.
  5271 | D:5      | Reached skill level 5 in Axes
  5546 | D:5      | Reached **** piety under Uskayaw
  6024 | D:6      | Reached skill level 5 in Shields
  6230 | D:6      | Reached XP level 9. HP: 74/82 MP: 9/9
  6523 | D:7      | Found a runed translucent gate.
  6526 | D:7      | Found a runed translucent gate.
  6530 | D:7      | Found a runed translucent gate.
  6531 | D:7      | Noticed Stiffzip's ghost (novice DDFi)
  6912 | D:7      | Found a flagged portal.
  6920 | Bailey   | Entered a bailey
  7157 | Bailey   | Reached skill level 5 in Dodging
  7178 | Bailey   | Identified the +6 hand axe of Riudaqe {vamp, rF+ rC+}
  8073 | Bailey   | HP: 3/86 [orc warrior/+0 war axe (8)]
  8889 | D:8      | Noticed a two-headed ogre
  8900 | D:8      | Slain by a two-headed ogre

Levels and vault maps discovered:
D:1:      dpeg_arrival_rhombus, layout_basic, minmay_pentomino_t2
D:2:      layout_basic, st_stairs_13
D:3:      layout_loops_ring, tso_oasis_becter, gup_sewer_entry_spiral,
          chequers_serial_rivers_micro_b, uniq_robin
D:4:      layout_loops_corners, cheibriados_altar_1,
          minmay_temple_entry_proselytizer, minmay_quantized, uniq_grinder
D:5:      layout_basic, nemelex_altar_shiori, first_ration
D:6:      layout_loops_ring
D:7:      layout_basic, enter_bailey_2, gammafunk_ghost_necromancy
D:8:      layout_gridville
Temple:   dpeg_five_rooms_temple
Sewer:    sewer_kobolds
Bailey:   bailey_axe_4, bailey

Skill      XL: |  1  2  3  4  5  6  7  8  9 |
---------------+----------------------------+-----
Dodging        | 1 2 3 4 5 |  5.5
Axes           | 3 4 5 7 |  7.1
Shields        | 3 4 5 6 |  6.2
Fighting       | 4 5 6 7 |  7.4
Armour         | |  2.4

Action                   |  1- 3 |  4- 6 |  7- 9 || total
-------------------------+-------+-------+-------++-------
Melee: War axe           |   126 |   233 |   329 ||   688
       Broad axe         |       |       |    80 ||    80
       Hand axe          |       |       |    16 ||    16
Throw: Tomahawk          |       |       |    24 ||    24
Invok: Stomp             |       |       |     3 ||     3
Evoke: Wand              |       |       |    10 ||    10
  Use: Scroll            |       |       |     5 ||     5
       Potion            |       |       |     4 ||     4
 Stab: Paralysed         |       |       |     7 ||     7
  Eat: Chunk             |       |     7 |    15 ||    22
       Ration            |       |       |     2 ||     2
Armor: Scale mail        |    54 |    81 |   134 ||   269
Dodge: Dodged            |    43 |    74 |   190 ||   307
Block: Shield            |    67 |   113 |   259 ||   439

Table legend:
 A = Non-vault XP
 B = Vault XP
 C = Vault XP percentage of total XP
 D = Non-vault monster count
 E = Vault monster count
 F = Vault count percentage of total count
                 A         B        C        D         E       F
            +---------+---------+-------+---------+---------+-------
      Total |    3326 |    1227 |  26.9 |     143 |      63 |  30.6
            +---------+---------+-------+---------+---------+-------
        D:1 |      45 |       3 |   6.2 |      22 |       2 |   8.3
        D:2 |      35 |       2 |   5.4 |      13 |       2 |  13.3
        D:3 |      75 |      75 |  50.0 |      10 |      20 |  66.7
        D:4 |     186 |     306 |  62.2 |      14 |       3 |  17.6
        D:5 |     661 |       0 |   0.0 |      32 |       0 |   0.0
        D:6 |    1122 |       0 |   0.0 |      28 |       0 |   0.0
        D:7 |     988 |       0 |   0.0 |      22 |       0 |   0.0
        D:8 |     214 |       0 |   0.0 |       2 |       0 |   0.0
      Sewer |       0 |     103 | 100.0 |       0 |       9 | 100.0
     Bailey |       0 |     738 | 100.0 |       0 |      27 | 100.0
            +---------+---------+-------+---------+---------+-------
